 Dungeon Crawl Stone Soup version 0.26.0-10-g1f06aea511 (webtiles) character file.

Game seed: 6388911602454184186

28 Dracia the Poker (level 3, 28/28 HPs)
             Began as a Demonspawn Gladiator on Jan 16, 2021.
             Quit the game on level 2 of the Dungeon.
             The game lasted 00:01:11 (805 turns).

Dracia the Poker (Demonspawn Gladiator)              Turns: 805, Time: 00:01:11

Health: 28/28      AC:  4    Str: 15    XL:     3   Next: 0%
Magic:  12/12      EV: 13    Int:  9    God:
Gold:   22         SH:  0    Dex: 14    Spells: 2/2 levels left

rFire    . . .     SeeInvis .   a - +0 trident
rCold    . . .     Faith    .   (no shield)
rNeg     . . .     Spirit   .   b - +0 leather armour
rPois    .         Reflect  .   c - +0 helmet
rElec    .         Harm     .   (no cloak)
rCorr    .         Rampage  .   (no gloves)
Will     .....                  (no boots)
Stlth    ++........             (no amulet)
HPRegen  0.09/turn              Q - ring of stealth
MPRegen  0.13/turn              W - ring of magical power

@: no status effects
A: miasma immunity, sanguine armour 1
a: no special abilities


You were on level 2 of the Dungeon.
You visited 1 branch of the dungeon, and saw 2 of its levels.

You collected 22 gold pieces.


Innate Abilities, Weirdness & Mutations

You are immune to miasma.
When seriously injured, your bleeding wounds create armour. (AC +0)


   Skills:
 + Level 2.4 Fighting
 * Level 3.3 Polearms
 - Level 1.7 Throwing
 + Level 3.0 Dodging


You had 2 spell levels left.
You didn't know any spells.
Your spell library was empty.

Inventory:

Hand Weapons
 a - a +0 trident (weapon)
Missiles
 d - 3 throwing nets (quivered) {=f=f}
 g - 7 boomerangs
Armour
 b - a +0 leather armour (worn)
 c - a +0 helmet (worn)
Jewellery
 Q - a ring of stealth (left hand)
 W - a ring of magical power (right hand)
Scrolls
 h - 3 scrolls of identify {@r1@r1}
 k - a scroll of fear {unknown}
 l - a scroll of amnesia {unknown}
Potions
 f - 2 potions of curing {@q1@q1}

Dungeon Overview and Level Annotations

Branches:
Dungeon (2/15)

Altars:

# .. #B #$. #...
#....###########
#.....@.....†.<#
#...############
#.


You could see a giant cockroach (asleep).


Message History

i - a ring of stealth (left hand);
Q - a ring of stealth (left hand)
You feel your magic capacity increase.
e - a ring of magical power (right hand)
W - a ring of magical power (right hand) Magic restored.
Partly explored, can't reach some places.
Partly explored, can't reach some places.
Partly explored, can't reach some places.
(D) Dungeon
Where to? (? - help)
There is a stone staircase leading down here.
You climb downwards.
A bat comes into view.
There is a stone staircase leading up here.
A bat is nearby!
The bat hits you but does no damage. x2
You closely miss the bat. The bat closely misses you.
The bat hits you but does no damage.
You puncture the bat!
You kill the bat!
You have reached level 3!
Your experience leads to an increase in your attributes!
Increase (S)trength, (I)ntelligence, or (D)exterity?
You feel stronger.
Your demonic ancestry asserts itself...
You feel your blood ready itself to protect you.
You see here a bat corpse.
A giant cockroach comes into view.
Found 9 gold pieces.
A giant cockroach is nearby!
Are you sure you want to abandon this character and quit the game? (Confirm with "yes".)

Skill      XL: |  1  2 |
---------------+-------+-----
Polearms       | 3 |  3.3
Dodging        | 3 |  3.0
Fighting       | |  2.4
Throwing       | |  1.7

Action                   || total
-------------------------++-------
Melee: Trident           ||    81
  Use: Scroll            ||     2
Armor: Leather armour    ||    25
Dodge: Dodged            ||    53

Levels and vault maps discovered:
D:1:      dpeg_arrival_pits, layout_basic, serial_glass, glass_columns_a,
          glass_columns_a, chequers_serial_rivers_small_b, dk_noncrumbling_4,
          nrook_campfire
D:2:      layout_basic, uniq_sigmund

Notes
Turn   | Place    | Note
-------+----------+-------------------------------------------
     0 | D:1      | Dracia the Demonspawn Gladiator began the quest for the
                  | Orb.
     0 | D:1      | Reached XP level 1. HP: 16/16 MP: 1/1
   276 | D:1      | Reached skill level 3 in Polearms
   326 | D:1      | Gained mutation: You are immune to miasma. [demonic
                  | ancestry]
   326 | D:1      | Reached XP level 2. HP: 21/22 MP: 2/2
   646 | D:1      | Reached skill level 3 in Dodging
   798 | D:2      | Gained mutation: When seriously injured, your bleeding
                  | wounds create armour. (AC +0) [demonic ancestry]
   798 | D:2      | Reached XP level 3. HP: 28/28 MP: 3/3
   805 | D:2      | Quit the game

Vanquished Creatures
  A dart slug (D:1)
  5 bats
  A giant cockroach (D:1)
  6 goblins (D:1)
  2 hobgoblins (D:1)
  3 frilled lizards (D:1)
  4 kobolds (D:1)
  4 rats (D:1)
26 creatures vanquished.

Table legend: (Time is in decaauts)
 A = Elapsed time spent in this place.
 B = Non-inter-level travel time spent in this place.
 C = Inter-level travel time spent in this place.
 D = Time resting spent in this place.
 E = Time spent auto-exploring this place.
 F = Levels seen in this place.
 G = Mean time per level.
                   A        B        C        D        E       F      G
               +--------+--------+--------+--------+--------+-----+--------+
         Total |    817 |    807 |     10 |      0 |    658 |   2 |  408.5 |
       Dungeon |    817 |    807 |     10 |      0 |    658 |   2 |  408.5 |
               +--------+--------+--------+--------+--------+-----+--------+

Top non-repeatable levels by time:
     D:1: 806 daAuts
     D:2: 11 daAuts

Table legend:
 A = Non-vault XP
 B = Vault XP
 C = Vault XP percentage of total XP
 D = Non-vault monster count
 E = Vault monster count
 F = Vault count percentage of total count
                 A         B        C        D         E       F
            +---------+---------+-------+---------+---------+-------
      Total |      41 |       0 |   0.0 |      26 |       0 |   0.0
            +---------+---------+-------+---------+---------+-------
        D:1 |      39 |       0 |   0.0 |      25 |       0 |   0.0
        D:2 |       2 |       0 |   0.0 |       1 |       0 |   0.0
            +---------+---------+-------+---------+---------+-------
